 Dungeon Crawl Stone Soup version 0.25-a0-1007-g10a8c3caa8 (webtiles) character file.

Game seed: 158574270808576671, levelgen mode: deterministic

35 Flugslaktarn the Covered (level 3, -1/33 HPs)
             Began as a Minotaur Fighter on May 11, 2020.
             Slain by an adder (2 damage)
             ... on level 3 of the Dungeon.
             The game lasted 00:00:32 (712 turns).

Flugslaktarn the Covered (Minotaur Fighter)          Turns: 712, Time: 00:00:32

Health: -1/33      AC:  8    Str: 20    XL:     3   Next: 16%
Magic:  2/2        EV:  7    Int:  5    God:
Gold:   130        SH:  9    Dex: 10    Spells: 2/2 levels left

rFire    . . .     SeeInvis .   a - +0 war axe
rCold    . . .     Gourm    .   c - +0 kite shield
rNeg     . . .     Faith    .   b - +0 scale mail
rPois    .         Spirit   .   (helmet restricted)
rElec    .         Reflect  .   n - +0 cloak
rCorr    .         Harm     .   (no gloves)
MR       .....                  (no boots)
Stlth    ..........             (no amulet)
HPRegen  0.11/turn              (no ring)
MPRegen  0.08/turn              (no ring)

@: no status effects
A: retaliatory headbutt, horns 2
a: no special abilities


You were on level 3 of the Dungeon.
You were not hungry.

You visited 1 branch of the dungeon, and saw 4 of its levels.

You collected 130 gold pieces.

Inventory:

Hand Weapons
 a - a +0 war axe (weapon)
Armour
 b - a +0 scale mail (worn)
 c - a +0 kite shield (worn)
 h - a +0 plate armour
   (You found it on level 3 of the Dungeon)
 n - a +0 cloak (worn)
   (You found it on level 1 of the Dungeon)
Jewellery
 g - an uncursed amulet of harm {unknown}
   (You found it on level 1 of the Dungeon)
Scrolls
 i - 3 scrolls of teleportation {unknown}
 l - 5 scrolls of identify {unknown}
 m - a scroll of blinking {unknown}
 o - a scroll of remove curse {unknown}
 p - 2 scrolls of amnesia {unknown}
Potions
 d - 3 potions of might
 f - a potion of haste {unknown}
 j - 2 potions of curing {unknown}
 k - 2 potions of heal wounds {unknown}
 q - 2 potions of mutation {unknown}
 r - a potion of flight {unknown}
Comestibles
 e - 2 rations


   Skills:
 + Level 4.0 Fighting
 * Level 3.3 Axes
 + Level 4.0 Armour
 + Level 4.0 Shields


You had 2 spell levels left.
You didn't know any spells.
Your spell library was empty.

Dungeon Overview and Level Annotations

Branches:
Dungeon (4/15)
 Temple: D:4-7

Altars:


Innate Abilities, Weirdness & Mutations

You reflexively headbutt those who attack you in melee.
You have a pair of horns on your head.


Message History

You kill the quokka!
An adder comes into view.
The adder hisses angrily.
Found a scale mail.
You see here a quokka corpse.
There is a stone staircase leading up here.
The adder bites you.
* * * LOW HITPOINT WARNING * * *
The adder barely misses you.
You climb upwards.
A giant cockroach comes into view.
Found 17 stones.
There is a stone staircase leading down here.
Unknown command.
Unknown command.
You are too injured to fight recklessly!
You miss the adder. The adder bites you.
* * * LOW HITPOINT WARNING * * *
The adder bites you.
You die...

### ..#
#####.#.# #.##
#.Ss.>.#
#.##### #@# #.
#..<... #(# #.#
##.##### #.#
#.###>## #.#
#...## #.#
##.## #.# #.#
#.#######.#####
#.##..........#
#.####.###.#


You could see an adder and a giant cockroach.

Vanquished Creatures
  2 gnolls (D:3)
  A leopard gecko (D:2)
  A bat (D:1)
  A giant cockroach (D:2)
  A hobgoblin (D:1)
  A quokka (D:4)
  4 kobolds
  4 rats
15 creatures vanquished.

Notes
Turn   | Place    | Note
-------+----------+-------------------------------------------
     0 | D:1      | Flugslaktarn the Minotaur Fighter began the quest for the
                  | Orb.
     0 | D:1      | Reached XP level 1. HP: 19/19 MP: 0/0
   364 | D:2      | Reached XP level 2. HP: 27/27 MP: 1/1
   675 | D:3      | Reached XP level 3. HP: 14/33 MP: 2/2
   712 | D:3      | HP: 1/33 [adder (3)]
   712 | D:3      | Slain by an adder

Illustrated notes

Levels and vault maps discovered:
D:1:      minmay_arrival_widening_spiral_wide, layout_basic
D:2:      layout_loops_ring, uniq_sigmund, uniq_terence
D:3:      layout_loops_ring
D:4:      layout_cave_pods, bh_walls_and_bars

Skill      XL: |  1  2 |
---------------+-------+-----
Axes           | 3 |  3.3
Fighting       | 4 |  4.0
Armour         | 4 |  4.0
Shields        | 4 |  4.0

Action                   || total
-------------------------++-------
Melee: War axe           ||    46
       Headbutt          ||     6
Armor: Scale mail        ||    27
Dodge: Dodged            ||    18
Block: Kite shield       ||    37

Table legend:
 A = Non-vault XP
 B = Vault XP
 C = Vault XP percentage of total XP
 D = Non-vault monster count
 E = Vault monster count
 F = Vault count percentage of total count
                 A         B        C        D         E       F
            +---------+---------+-------+---------+---------+-------
      Total |      50 |       0 |   0.0 |      15 |       0 |   0.0
            +---------+---------+-------+---------+---------+-------
        D:1 |       5 |       0 |   0.0 |       3 |       0 |   0.0
        D:2 |      10 |       0 |   0.0 |       6 |       0 |   0.0
        D:3 |      33 |       0 |   0.0 |       5 |       0 |   0.0
        D:4 |       2 |       0 |   0.0 |       1 |       0 |   0.0
            +---------+---------+-------+---------+---------+-------
